 Dungeon Crawl Stone Soup version 0.30-a0-6-g7c9e10e132 (webtiles) character file.

Game seed: 10540247114657916195

12076 Newt the Skirmisher (level 11, -11/72 HPs)
             Began as a Demonspawn Gladiator on Aug 22, 2022.
             Was a Priest of Hepliaklqana.
             Killed by divine providence
             ... invoked by a meliai
              (14 damage)
             ... on level 11 of the Dungeon.
             The game lasted 00:20:25 (12696 turns).

Newt the Skirmisher (Demonspawn Gladiator)         Turns: 12696, Time: 00:20:25

Health: -11/72     AC:  7    Str: 17    XL:     11   Next: 57%
Magic:  11/11      EV: 15    Int:  9    God:    Hepliaklqana [***...]
Gold:   489        SH:  0    Dex: 23    Spells: 9/10 levels left

rFire   + . .      SeeInvis .    b - +7 shortbow "Tanijea" {freeze, rPois rF+}
rCold   . . .      Faith    .    (shield currently unavailable)
rNeg    . . .      Spirit   .    f - +1 leather armour
rPois   +          Reflect  .    (helmet restricted)
rElec   +          Harm     .    (no cloak)
rCorr   .          Rampage  .    l - +0 pair of gloves "Ilolyc" {rElec rPois Will+}
Will    ++...                    (no boots)
Stlth   +++.......               (no amulet)
HPRegen 0.22/turn                s - +6 ring of dexterity
MPRegen 0.12/turn                I - ring of willpower

@: studying Shields
A: reduced essence, horns 2, thin metallic scales 1, demonic magic 2
a: Renounce Religion, Recall Ancestor, Ancestor Identity, Transference


You were on level 11 of the Dungeon.
You worshipped Hepliaklqana.
Hepliaklqana was most pleased with you.
You visited 2 branches of the dungeon, and saw 12 of its levels.

You collected 489 gold pieces.

Inventory:

Hand Weapons
 a - a +2 rapier of draining
 b - the +7 shortbow "Tanijea" (weapon) {freeze, rPois rF+}
   (You took it off an orc on level 5 of the Dungeon)

   Any ammunition fired from it freezes those it strikes, dealing additional
   cold damage.
   It can also slow down cold-blooded creatures.
   rF:        It protects you from fire.
   rPois:     It protects you from poison.
 n - a +2 vorpal mace
 p - a +1 sling
 r - a +0 rapier
 L - a +2 long sword of draining
Missiles
 d - 5 throwing nets
 e - a javelin
 g - 86 stones
 F - 2 curare-tipped darts
Armour
 c - a +0 helmet
 f - a +1 leather armour (worn)
 l - the +0 pair of gloves "Ilolyc" (worn) {rElec rPois Will+}
   (You acquired it on level 4 of the Dungeon)

   rElec:     It insulates you from electricity.
   rPois:     It protects you from poison.
   Will:      It increases your willpower.
 u - a +2 robe of positive energy
Jewellery
 k - a ring of wizardry
 s - a +6 ring of dexterity (left hand)
 I - a ring of willpower (right hand)
Wands
 i - a wand of light (7)
 o - a wand of paralysis (3)
 w - a wand of flame (50)
 y - a wand of digging (8)
 D - a wand of mindburst (18)
Scrolls
 j - 4 scrolls of enchant armour
 q - a scroll of noise
 t - a scroll of poison
 v - 2 scrolls of blinking {unknown}
 B - a scroll of fog
 E - a scroll of magic mapping {unknown}
 G - a scroll of immolation {unknown}
 H - a scroll of amnesia
 M - a scroll of brand weapon {unknown}
Potions
 h - a potion of mutation
 x - 2 potions of curing
 A - a potion of attraction
 C - a potion of lignification
 J - a potion of berserk rage {unknown}
Miscellaneous
 z - a box of beasts
 K - a condenser vane (inert)


   Skills:
 - Level 6.0 Fighting
 - Level 2.6 Short Blades
 + Level 12.4 Ranged Weapons
 - Level 1.7 Throwing
 - Level 5.0 Dodging
 - Level 5.0 Stealth
 - Level 4.0 Summonings
 - Level 8.0 Evocations


You had 9 spell levels left.
You knew the following spells:

 Your Spells              Type           Power      Damage    Failure   Level
a - Summon Small Mammal   Summ           28%        N/A       10%         1

Your spell library contained the following spells:

 Spells                   Type           Power      Damage    Failure   Level
 Call Canine Familiar     Summ           7%         N/A       28%         3
 Beastly Appendage        Tmut           0%         N/A       45%         1
 Summon Guardian Golem    Hex/Summ       3%         N/A       54%         3
 Wereblood                Tmut           0%         N/A       58%         2
 Dazzling Flash           Conj/Hex       0%         N/A       83%         3
 Spider Form              Tmut/Pois      0%         N/A       83%         3
 Agony                    Necr           0%         N/A       100%        5
 Silence                  Hex/Air        0%         N/A       100%        5


Dungeon Overview and Level Annotations

Branches:
Dungeon (11/15)            Temple (1/1) D:5            Lair (0/5) D:11
    Orc: D:9-12

Altars:
Ashenzari
Cheibriados
Dithmenos
Fedhas
Gozag
Hepliaklqana
Kikubaaqudgha
Makhleb
Nemelex Xobeh
Okawaru
Qazlal
Ru
Sif Muna
Trog
Uskayaw
Vehumet
Wu Jian
Xom
Yredelemnul

Shops:
D:10 [

Annotations:
D:4 2 transporters, Setbun's ghost, amateur DjFE
D:8 3 runed translucent doors


Innate Abilities, Weirdness & Mutations

Your life essence is reduced to manifest your ancestor. (-10% HP)
You have a pair of horns on your head.
You are partially covered in thin metallic scales. (AC +2)
Spells you cast may paralyse nearby enemies.


Message History

Citlalmina hits the meliai with a +0 flail.
The shadow slips into darkness.
The shadow flickers and vanishes!
Deactivating autopickup; reactivate with Ctrl-A.
Citlalmina blocks the meliai's attack. x2; The meliai closely misses you.
The meliai misses you.
You shoot an arrow.
The arrow hits the meliai but does no damage.
The meliai hits you with a +0 hand axe! The meliai completely misses you.
The meliai barely misses Citlalmina.
The meliai stings Citlalmina.
Citlalmina hits the meliai with a +0 flail.
Unknown command.
The meliai hits you with a +0 hand axe! The meliai barely misses you.
There is an open door, spattered with blood here.
The meliai hits you with a +0 hand axe!
* * * LOW HITPOINT WARNING * * *
The meliai stings you but does no damage.
The meliai attacks as you move away! The meliai barely misses you.
The meliai closely misses Citlalmina.
The meliai stings you!
* * * LOW HITPOINT WARNING * * *
The meliai closely misses you. x2
Something hits Citlalmina but does no damage.
Something closely misses Citlalmina.
Unknown command.
Throw: 6 throwing nets
Press: ? - help, Shift-Dir - straight line, f/p - meliai
Aim: a meliai, wielding a +0 hand axe and wearing the +7 Kryia's mail coat {PotionHeal*2 rC+} (ally target, 57% to hit)
You throw a throwing net. The throwing net hits the meliai.
The meliai is caught in the net!
The meliai struggles against the net.
The meliai hits Citlalmina with a +0 war axe.
The meliai completely misses Citlalmina.
The meliai struggles against the net.
The net rips apart, and the meliai comes free!
Citlalmina closely misses the meliai.
The meliai hits Citlalmina with a +0 war axe.
Citlalmina blocks the meliai's attack.
The meliai invokes the aid of its god against you.
Something smites you!
You die...

..............#
.............#########.
###....................
#....................
#.........y..........
##.......####R#.........
####........#....#.R.......
.#...........#.)y.#<{y..##
.............#..@.#.....#
.............#....#.....#
.#...........#.)..#.....#
...>..#......#+####.....#
.#...#..........y)y|....######
....#............###.)........
........#....... #..?.......
............... #..........
.........#.... ###........


You could see the friendly Citlalmina the knight and 2 meliai.

Vanquished Creatures
  Fannar (D:11)
  3 two-headed ogres
  A deep elf pyromancer (D:10)
  3 kobold demonologists (D:10)
  A queen bee (shapeshifter) (D:10)
  A meliai (D:11)
  Grinder (D:3)
  A shadow (D:6)
  Sigmund (D:2)
  A wyvern (D:10)
  9 yaks
  2 vampire mosquitoes (D:10)
  Menkaure (D:6)
  An acid dragon (D:10)
  2 water moccasins (D:7)
  An orc warrior (D:10)
  A sky beast (D:8)
  2 black bears
  5 centaurs
  2 ogres
  4 phantoms
  4 kobold brigands
  A bullfrog (D:8)
  3 scorpions
  A necrophage (D:6)
  11 killer bees
  A howler monkey (D:9)
  2 jellies (D:7)
  2 orc priests
  2 hounds
  An iguana (D:7)
  7 orc wizards
  6 gnolls
  8 adders
  A shadow imp (D:7)
  A white imp (D:6)
  An ufetubus (D:5)
  2 dart slugs
  25 orcs
  6 ball pythons
  7 bats
  11 endoplasms
  2 giant cockroaches
  7 goblins
  8 hobgoblins
  6 jackals (D:1)
  2 quokkas
  4 frilled lizards
  6 kobolds
  7 rats
189 creatures vanquished.

Vanquished Creatures (collateral kills)
  The ghost of voltaire321 the Tainter, a journeyman DsVM of Vehumet (D:10)
  Erica (D:10)
  An unseen horror (D:11)
  A kobold demonologist (D:10)
  A wyvern (D:7)
  2 yaks (D:10)
  A vampire mosquito (D:10)
  A centaur (D:7)
  A gnoll sergeant (D:10)
  2 killer bees (D:10)
  An orc priest (D:10)
  An orc wizard (D:9)
  3 orcs
  2 kobolds (D:10)
19 creatures vanquished.

Vanquished Creatures (others)
  4 knights
  An orc wizard (D:5)
  2 ancestors
7 creatures vanquished.

Grand Total: 215 creatures vanquished

Notes
Turn   | Place    | Note
-------+----------+-------------------------------------------
     0 | D:1      | Newt the Demonspawn Gladiator began the quest for the Orb.
     0 | D:1      | Reached XP level 1. HP: 16/16 MP: 1/1
    38 | D:1      | Reached skill level 1 in Stealth
   472 | D:1      | Gained mutation: Spells you cast may paralyse adjacent
                  | enemies. [demonic ancestry]
   472 | D:1      | Reached XP level 2. HP: 21/22 MP: 2/2
   889 | D:1      | Gained mutation: You have a pair of small horns on your
                  | head. [demonic ancestry]
   889 | D:1      | Reached XP level 3. HP: 28/28 MP: 3/3
  1321 | D:2      | Noticed Sigmund
  1803 | D:2      | Killed Sigmund
  1804 | D:2      | Reached skill level 2 in Ranged Weapons
  1804 | D:2      | Reached XP level 4. HP: 35/37 MP: 4/4
  1804 | D:2      | Reached XP level 5. HP: 40/42 MP: 5/5
  1879 | D:2      | Reached skill level 3 in Ranged Weapons
  2848 | D:3      | Found a faded altar of an unknown god.
  2902 | D:3      | Noticed Grinder
  2927 | D:3      | Paralysed by Grinder for 4 turns
  2938 | D:3      | Killed Grinder
  2939 | D:3      | Reached skill level 4 in Ranged Weapons
  2939 | D:3      | Reached XP level 6. HP: 20/48 MP: 6/6
  3216 | D:3      | Learned a level 1 spell: Summon Small Mammal
  3287 | D:3      | Reached skill level 5 in Ranged Weapons
  3617 | D:4      | HP: 1/48 [ogre/+0 giant spiked club (24)]
  3622 | D:4      | Gained mutation: You have a pair of horns on your head.
                  | [demonic ancestry]
  3622 | D:4      | Reached XP level 7. HP: 2/54 MP: 7/7
  4023 | D:4      | Found a transporter.
  4063 | D:4      | Found a transporter.
  4103 | D:4      | Identified a scroll of acquirement
  4103 | D:4      | Acquired the +0 pair of gloves "Ilolyc" {rElec rPois Will+}
  4220 | D:4      | Found a shadowy altar of Dithmenos.
  4497 | D:4      | Noticed Setbun's ghost (amateur DjFE)
  4547 | D:4      | Reached skill level 6 in Ranged Weapons
  5280 | D:5      | Entered Level 5 of the Dungeon
  5691 | D:5      | Identified the +7 shortbow "Tanijea" {freeze, rPois rF+}
  5941 | D:5      | Found a staircase to the Ecumenical Temple.
  5953 | Temple   | Entered the Ecumenical Temple
  6146 | Temple   | Became a worshipper of Hepliaklqana the Forgotten
  6247 | D:5      | Reached skill level 5 in Dodging
  6257 | D:5      | Reached skill level 1 in Evocations
  6257 | D:5      | Reached XP level 8. HP: 58/60 MP: 8/8
  6281 | D:5      | Identified the +7 long sword of Gifuts {drain, rElec rC+}
  6660 | D:5      | Found a shimmering altar of Xom.
  7117 | D:6      | Reached skill level 5 in Evocations
  7301 | D:6      | Noticed Menkaure
  7305 | D:6      | Killed Menkaure
  7306 | D:6      | Reached skill level 7 in Ranged Weapons
  7463 | D:6      | Reached * piety under Hepliaklqana
  7627 | D:7      | Gained mutation: Spells you cast may paralyse nearby
                  | enemies. [demonic ancestry]
  7627 | D:7      | Reached XP level 9. HP: 43/58 MP: 9/9
  7801 | D:7      | Reached skill level 8 in Ranged Weapons
  7828 | D:7      | Reached skill level 1 in Summonings
  7970 | D:7      | Noticed a two-headed ogre
  7977 | D:7      | Killed a two-headed ogre
  7978 | D:7      | Reached skill level 5 in Fighting
  8260 | D:7      | Found a blossoming altar of Fedhas.
  8260 | D:7      | Found a basalt altar of Yredelemnul.
  9142 | D:8      | Found a runed translucent gate.
  9142 | D:8      | Found a runed translucent gate.
  9142 | D:8      | Found a runed translucent gate.
  9142 | D:8      | Noticed a green ugly thing
  9144 | D:8      | Noticed a purple ugly thing
  9146 | D:8      | Noticed a cyan ugly thing
  9146 | D:8      | Noticed a brown ugly thing
  9344 | D:9      | Noticed a two-headed ogre
  9362 | D:8      | Reached skill level 5 in Stealth
  9700 | D:8      | Gained mutation: You are partially covered in thin metallic
                  | scales. (AC +2) [demonic ancestry]
  9700 | D:8      | Reached XP level 10. HP: 28/68 MP: 10/10
 10175 | D:9      | Found a stormy altar of Qazlal.
 10183 | D:9      | Reached skill level 9 in Ranged Weapons
 10224 | D:9      | Reached ** piety under Hepliaklqana
 10225 | D:9      | Remembered your ancestor Citlalmina as a knight
 10304 | D:9      | Noticed a two-headed ogre
 10314 | D:9      | Killed a two-headed ogre
 10442 | D:9      | Killed a two-headed ogre
 10443 | D:9      | Reached skill level 10 in Ranged Weapons
 10524 | D:10     | Entered Level 10 of the Dungeon
 10605 | D:10     | Found a large runed translucent door.
 10605 | D:10     | Found a large runed translucent door.
 10607 | D:10     | Noticed voltaire321's ghost (journeyman DsVM)
 10681 | D:10     | Killed voltaire321's ghost
 10823 | D:10     | Killed Erica
 10824 | D:10     | Reached XP level 11. HP: 66/72 MP: 11/11
 11404 | D:10     | Reached skill level 11 in Ranged Weapons
 11449 | D:10     | Noticed a deep elf pyromancer
 11453 | D:10     | Killed a deep elf pyromancer
 11645 | D:10     | Found Butteam's Armour Shop.
 11827 | D:10     | Noticed a sun demon
 12001 | D:11     | Noticed a death yak
 12003 | D:11     | Found a staircase to the Lair.
 12006 | D:11     | Noticed a death yak
 12125 | D:11     | Reached *** piety under Hepliaklqana
 12155 | D:11     | Noticed a death yak
 12156 | D:11     | Noticed a two-headed ogre
 12158 | D:11     | Noticed a death yak
 12162 | D:11     | Noticed Fannar
 12214 | D:11     | Reached skill level 12 in Ranged Weapons
 12371 | D:11     | Killed Fannar
 12694 | D:11     | HP: 2/72 [meliai/+0 hand axe (9)]
 12696 | D:11     | Killed from afar by a meliai

Illustrated notes

Levels and vault maps discovered:
D:1:      sevenhm_arrival_forest_fort_large_4, layout_rooms
D:2:      layout_basic, uniq_sigmund
D:3:      layout_rooms, dreamdust_ecumenical_altar_statues, uniq_grinder
D:4:      layout_gridville, gammafunk_temple_overflow_statue,
          gammafunk_ghost_stat_death, minmay_manual_monstrance
D:5:      layout_basic, mainiacjoe_overflow_brackets,
          minmay_temple_entry_slanted, nrook_uturn
D:6:      layout_cave_pools, lemuel_coloured_pillars_altar, uniq_menkaure
D:7:      layout_basic, mainiacjoe_overflow_divided_tiny
D:8:      layout_loops_ring, ploomutoo_gammafunk_ghost_potion_laboratory
D:9:      layout_cave_pools, lemuel_doored_altar
D:10:     layout_basic, serial_shops, nicolae_shop_hallway_plus,
          ebering_ghost_disaster_area, st_stairs_9, evilmike_minifort,
          uniq_erica
D:11:     layout_irregular_city, dpeg_lair_monsters, uniq_fannar
Temple:   bh_familiar_temple

Skill      XL: |  1  2  3  4  5  6  7  8  9 10 11 |
---------------+----------------------------------+-----
Stealth        | 1 2 5 |  5.0
Fighting       | 4 6 |  6.0
Ranged Weapons | 2 4 5 6 7 8 10 12 | 12.4
Dodging        | 5 |  5.0
Evocations     | 1 5 8 |  8.0
Summonings     | 4 |  4.0
Short Blades   | |  2.6
Throwing       | |  1.7

Action                   |  1- 3 |  4- 6 |  7- 9 | 10-12 || total
-------------------------+-------+-------+-------+-------++-------
Melee: Rapier            |    37 |    36 |    70 |       ||   143
       Punch             |     1 |       |       |       ||     1
       Headbutt          |       |     6 |    19 |       ||    25
       Shortbow          |       |       |     1 |       ||     1
 Fire: Sling             |    87 |   109 |    72 |       ||   268
       Shortbow          |       |       |   180 |   238 ||   418
Throw: Throwing net      |       |     1 |       |     3 ||     4
 Cast: Summon Small Mamm |       |       |     1 |       ||     1
Invok: Ancestor Life: Kn |       |       |       |     1 ||     1
Evoke: Wand              |       |     2 |       |     2 ||     4
       Condenser vane    |       |       |       |     1 ||     1
  Use: Scroll            |     6 |       |     5 |     8 ||    19
       Potion            |     1 |       |       |     4 ||     5
 Stab: Invisible         |       |     1 |       |       ||     1
Armor: Leather armour    |    29 |    19 |    57 |    24 ||   129
Dodge: Dodged            |    63 |    46 |   107 |    91 ||   307

Table legend: (Time is in decaauts)
 A = Elapsed time spent in this place.
 B = Non-inter-level travel time spent in this place.
 C = Inter-level travel time spent in this place.
 D = Time resting spent in this place.
 E = Time spent auto-exploring this place.
 F = Levels seen in this place.
 G = Mean time per level.
                   A        B        C        D        E       F      G
               +--------+--------+--------+--------+--------+-----+--------+
         Total |  12777 |  12285 |    492 |   4051 |   6619 |  12 | 1064.8 |
       Dungeon |  12548 |  12127 |    421 |   4051 |   6464 |  11 | 1140.7 |
        Temple |    228 |    157 |     71 |      0 |    155 |   1 |  228.0 |
               +--------+--------+--------+--------+--------+-----+--------+

Top non-repeatable levels by time:
     D:2: 1797 daAuts
     D:4: 1711 daAuts
     D:8: 1683 daAuts
    D:10: 1502 daAuts
     D:5: 1345 daAuts
     D:1: 1035 daAuts
     D:7: 878 daAuts
     D:3: 801 daAuts
     D:6: 725 daAuts
    D:11: 646 daAuts
     D:9: 421 daAuts
  Temple: 228 daAuts
